 Dungeon Crawl Stone Soup version 0.18.1-50-g88ac8fd (webtiles) character file.

88 Peloso the Covered (level 4, 0/40 HPs)
             Began as a Minotaur Fighter on Oct 1, 2016.
             Slain by Sigmund
             ... wielding a +0 scythe
              (7 damage)
             ... on level 3 of the Dungeon.
             The game lasted 00:03:15 (1178 turns).

Peloso the Covered (Minotaur Fighter)               Turns: 1178, Time: 00:03:15

Health: 0/40       AC:  8    Str: 26    XL:     4   Next: 29%
Magic:  3/3        EV:  8    Int:  5    God:
Gold:   74         SH:  0    Dex: 10    Spells: 0 memorised, 3 levels left

rFire  . . .     SeeInvis .     a - +0 long sword
rCold  . . .     Gourm    .     b - +0 scale mail
rNeg   . . .     Faith    .     c - +0 shield
rPois  .         Spirit   .     (helmet restricted)
rElec  .         Dismiss  .     (no cloak)
rCorr  .         Reflect  .     (no gloves)
SustAt .         Harm     .     l - +0 pair of boots
MR     .....                    (no amulet)
Stlth  ..........               (no ring)
                                (no ring)

@: confused, mighty, not resistant to hostile enchantments, extremely unstealthy
A: retaliatory headbutt, horns 2
a: no special abilities


You were on level 3 of the Dungeon.
You were not hungry.

You visited 1 branch of the dungeon, and saw 3 of its levels.

You collected 74 gold pieces.

Inventory:

Hand Weapons
 a - a +0 long sword (weapon)
Armour
 b - a +0 scale mail (worn)
 c - a +0 shield (worn)
 l - a +0 pair of boots (worn)
Jewellery
 g - an uncursed ring of ice {unknown}
Scrolls
 e - 2 scrolls of identify {unknown}
 i - a scroll of magic mapping {unknown}
 n - 2 scrolls of recharging {unknown}
 o - a scroll of blinking {unknown}
 p - a scroll of enchant armour {unknown}
Potions
 h - a potion of cure mutation {unknown}
 j - a potion of degeneration {unknown}
 k - a potion of curing {unknown}
Comestibles
 f - 3 bread rations
 m - a beef jerky
 q - a fruit


   Skills:
 + Level 4.2 Fighting
 + Level 2.9 Long Blades
 + Level 4.6 Armour
 + Level 1.0 Dodging
 + Level 4.4 Shields


You had 3 spell levels left.
You didn't know any spells.

Dungeon Overview and Level Annotations

Branches:
Dungeon (3/15)

Altars:

Annotations:
D:3 Sigmund


Innate Abilities, Weirdness & Mutations

You reflexively headbutt those who attack you in melee.
You have a pair of horns on your head.


Message History

A puff of flame appears from out of thin air!
You block the puff of flame.
You miss something. Something hits you but does no damage.
You miss something. Something hits you.
You miss something. Your headbutt misses something.
You hear some strange, mumbled words.
You are confused.
You bump into the rock wall.
Something hits you but does no damage.
Unknown command.
Drink which item? (? for menu, Esc to quit)
You feel very mighty all of a sudden.
You hear some strange, mumbled words.
Something tries to affect you, but you resist.
You closely miss something.
You hear some strange, mumbled words.
A puff of flame appears from out of thin air!
The puff of flame hits you!
* * * LOW HITPOINT WARNING * * *
Something hits you!
You die...

##### ####...##### ##
#.##...#...# ### ...
#.##...#..@#####.....
.#.####..........'{....#
..<.....##...#...##..#.#
...#.#####...######....#
............## #.......
.....######.### ####.###
............... .#
............## #
.....†...######


There were no monsters in sight!

Vanquished Creatures
  4 adders
  3 worms (D:2)
  4 giant cockroaches
  9 goblins
  4 hobgoblins
  A ball python (D:3)
  5 bats
  5 giant newts
  5 kobolds
  4 rats
44 creatures vanquished.

Notes
Turn   | Place    | Note
--------------------------------------------------------------
     0 | D:1      | Peloso the Minotaur Fighter began the quest for the Orb.
     0 | D:1      | Reached XP level 1. HP: 19/19 MP: 0/0
   143 | D:1      | Reached XP level 2. HP: 25/27 MP: 1/1
   532 | D:2      | Reached XP level 3. HP: 30/33 MP: 2/2
   889 | D:2      | Reached XP level 4. HP: 40/40 MP: 3/3
  1111 | D:3      | Reached skill level 1 in Dodging
  1155 | D:3      | Noticed Sigmund
  1178 | D:3      | Slain by Sigmund

Skill      XL: |  1  2  3  4 |
---------------+-------------+-----
Armour         | 4 |  4.6
Shields        | 4 |  4.4
Fighting       | 4 |  4.2
Dodging        | 1 |  1.0
Long Blades    | |  2.9

Action                   |  1- 3 |  4- 6 || total
-------------------------+-------+-------++-------
Melee: Long sword        |    89 |    45 ||   134
       Headbutt          |    11 |     7 ||    18
  Use: Potion            |       |     1 ||     1
  Eat: Chunk             |       |     1 ||     1
Armor: Scale mail        |    41 |    21 ||    62
Dodge: Dodged            |    17 |     6 ||    23
Block: Shield            |    43 |    21 ||    64
